AoeStats
← Irving Legend

Enclosed

506881058Analyzed
1v1 RM · 18d ago on Sep 15, 2026· 59m 27s· 2 players
Game mode
Random Map
Map size
Tiny (2 player)
Population
200
Speed
Normal
Resources
Standard
Victory
Conquest
Starting age
Dark Age
Ending age
Imperial Age
RankedLock teamsTeams togetherTeam positionsShared explorationLock speedFull tech treeHidden civsTurbo modeCheats
Victory
Defeat
🇭🇺 Khmer · Hungary
1211
+14
🇨🇦 Romans · Canada
1176
-14
Kiliander
8:49 Loom
11:04 Feudal Age
16:37 Castle Age
15:24 Double-Bit Axe
16:40 Wheelbarrow
15:55 Horse Collar
20:56 Bow Saw
25:39 Hand Cart
26:40 Gold Mining
26:43 Stone Mining
29:38 Fletching
29:34 Town Watch
30:29 Light Cavalry
31:22 Forging
31:17 Scale Barding Armor
36:36 Ballistics
36:55 Bloodlines
36:45 Husbandry
46:16 Imperial Age
43:50 Tusk Swords
44:40 Iron Casting
46:22 Elite Battle Elephant
48:42 Chain Barding Armor
50:02 Plate Barding Armor
51:04 Siege Engineers
52:02 Chemistry
51:08 Heavy Scorpion
56:03 Conscription
58:08 Stone Shaft Mining
58:08 Gold Shaft Mining
57:40 Heavy Plow
Irving Legend
6:33 Loom
9:20 Feudal Age
9:30 Man-at-Arms
9:57 Double-Bit Axe
12:38 Horse Collar
13:10 Town Watch
16:25 Wheelbarrow
18:07 Castle Age
16:41 Scale Mail Armor
17:55 Gold Mining
18:44 Forging
18:15 Long Swordsman
19:24 Chain Mail Armor
22:46 Bow Saw
25:41 Squires
29:16 Scale Barding Armor
30:05 Bloodlines
34:04 Pikeman
44:57 Imperial Age
45:18 Cavalier
47:42 Halberdier
49:48 Wheelbarrow
48:47 Heavy Scorpion
50:45 Ballistas
51:01 Conscription
50:50 Halberdier
53:06 Conscription
Connection lost

Rejoining the realm…

Still unreachable

The connection could not be restored.

Session expired

The server has moved on; the page needs a fresh start.